[ AOE2 MATCH · #464406889 ]
UnrankedPortuguese vs Spanish
[ REPLAY ANALYSIS · EXTRACTED FROM THE RECORDED GAME ]
Feudal
—
Castle
—
Imperial
—
| APM avg | 0.0 |
| APM peak | 3 |
| eAPM avg | 0.0 |
| Villagers / military | 0 / 0 |
Feudal
22:30
Castle
39:32
Imperial
57:34
| APM avg | 12.0 |
| APM peak | 33 |
| eAPM avg | 9.4 |
| Villagers / military | 124 / 276 |
Focus
⚔️ 41.8% · 🌾 58.2%
Scout Cavalry ×72 · Knight ×63 · Archer ×60 · Militia ×42 · Spearman ×31 · Trade Cart ×10
Feudal
12:22
Castle
24:07
Imperial
46:05
| APM avg | 7.1 |
| APM peak | 31 |
| eAPM avg | 6.6 |
| Villagers / military | 138 / 99 |
Focus
⚔️ 16.7% · 🌾 83.3%
Conquistador ×97 · Trade Cart ×21 · Monk ×2
Feudal
—
Castle
—
Imperial
—
| APM avg | 0.2 |
| APM peak | 14 |
| eAPM avg | 0.2 |
| Villagers / military | 6 / 0 |
Focus
⚔️ 10.0% · 🌾 90.0%
Feudal
16:32
Castle
37:54
Imperial
49:46
| APM avg | 15.9 |
| APM peak | 93 |
| eAPM avg | 14.1 |
| Villagers / military | 82 / 461 |
Focus
⚔️ 62.0% · 🌾 38.0%
Jaguar Warrior ×132 · Militia ×110 · Archer ×80 · Eagle Scout ×70 · Mangonel ×36 · Trade Cart ×24
Feudal
18:27
Castle
27:54
Imperial
52:10
| APM avg | 10.9 |
| APM peak | 25 |
| eAPM avg | 9.7 |
| Villagers / military | 93 / 868 |
Focus
⚔️ 55.7% · 🌾 44.3%
Skirmisher ×253 · Spearman ×199 · Scorpion ×175 · Militia ×116 · Hand Cannoneer ×62 · Archer ×34
Feudal
13:20
Castle
22:37
Imperial
43:50
| APM avg | 32.6 |
| APM peak | 106 |
| eAPM avg | 24.6 |
| Villagers / military | 105 / 335 |
Focus
⚔️ 26.9% · 🌾 73.1%
Scorpion ×138 · Spearman ×118 · Scout Cavalry ×51 · Battering Ram ×14 · Ballista Elephant ×9 · Trade Cart ×5
Feudal
—
Castle
—
Imperial
—
| APM avg | 0.1 |
| APM peak | 9 |
| eAPM avg | 0.1 |
| Villagers / military | 0 / 0 |
Match map
Initial resources + every placement click. Lines = walls · curves = elevation contours. ◆ gold · ⬟ stone · ● berries · ✦ relic · ◌ wall gap
Your base· Open — unwalled flank
alexgolan's base
Ryoga's base
Kukki1160's base· Open — unwalled flank
kevinbernal88888's base
Carlitos_Torino Nanobot's base· Open — 2t gap
l3141516's base
GjulianP's base
Smoothed initial terrain · ◌ = detected wall gap · hover for details
Inputs per minute
— aust6425 - - alexgolan
Build order — aust6425
0 actions detected in the replay
Build order — alexgolan
First 150 of 507 actions detected
| 0:16 | Research | Loom |
| 0:16 | Create | Villager (Male) |
| 0:16 | Create | Villager (Male) |
| 0:17 | Create | Villager (Male) |
| 0:17 | Create | Villager (Male) |
| 0:17 | Create | Villager (Male) |
| 0:17 | Create | Villager (Male) |
| 1:00 | Build | House |
| 1:02 | Build | House |
| 1:04 | Build | House |
| 2:30 | Build | Palisade Wall |
| 3:22 | Create | Villager (Male) |
| 3:22 | Create | Villager (Male) |
| 3:56 | Build | Palisade Wall |
| 5:00 | Build | Palisade Wall |
| 5:18 | Build | Palisade Wall |
| 5:42 | Build | Palisade Wall |
| 6:22 | Build | Palisade Wall |
| 6:50 | Create | Villager (Male) |
| 6:50 | Create | Villager (Male) |
| 6:51 | Create | Villager (Male) |
| 6:51 | Create | Villager (Male) |
| 7:15 | Build | Palisade Wall |
| 7:27 | Build | Palisade Wall |
| 7:49 | Create | Villager (Male) |
| 8:34 | Build | Palisade Wall |
| 8:56 | Create | Villager (Male) |
| 8:56 | Create | Villager (Male) |
| 9:18 | Build | Palisade Wall |
| 9:32 | Create | Villager (Male) |
| 9:32 | Create | Villager (Male) |
| 10:24 | Create | Villager (Male) |
| 10:24 | Create | Villager (Male) |
| 10:47 | Build | Lumber Camp |
| 11:10 | Build | Palisade Wall |
| 11:30 | Build | House |
| 11:34 | Build | House |
| 11:35 | Build | House |
| 11:40 | Create | Villager (Male) |
| 11:40 | Create | Villager (Male) |
| 11:58 | Build | Palisade Wall |
| 12:40 | Build | Mill |
| 12:53 | Create | Villager (Male) |
| 12:54 | Create | Villager (Male) |
| 12:54 | Create | Villager (Male) |
| 13:16 | Build | Palisade Wall |
| 13:30 | Build | House |
| 13:32 | Build | House |
| 13:52 | Build | Mill |
| 14:17 | Create | Villager (Male) |
| 14:17 | Create | Villager (Male) |
| 14:17 | Create | Villager (Male) |
| 14:34 | Build | Palisade Wall |
| 14:42 | Build | House |
| 14:43 | Build | House |
| 14:45 | Build | House |
| 14:47 | Build | House |
| 14:58 | Build | Mining Camp |
| 15:05 | Create | Villager (Male) |
| 15:05 | Create | Villager (Male) |
| 15:05 | Create | Villager (Male) |
| 15:40 | Build | Palisade Wall |
| 15:49 | Create | Villager (Male) |
| 15:49 | Create | Villager (Male) |
| 15:49 | Create | Villager (Male) |
| 16:23 | Build | Palisade Wall |
| 16:37 | Create | Villager (Male) |
| 16:38 | Create | Villager (Male) |
| 16:38 | Create | Villager (Male) |
| 16:56 | Create | Villager (Male) |
| 17:06 | Build | House |
| 17:08 | Build | House |
| 17:10 | Build | House |
| 17:23 | Build | Mining Camp |
| 17:54 | Create | Villager (Male) |
| 18:13 | Create | Villager (Male) |
| 18:14 | Create | Villager (Male) |
| 18:32 | Build | Palisade Wall |
| 18:41 | Build | House |
| 18:46 | Build | House |
| 19:11 | Create | Villager (Male) |
| 19:11 | Create | Villager (Male) |
| 19:49 | Build | Lumber Camp |
| 20:04 | Build | House |
| 20:05 | Build | House |
| 20:26 | Research | Feudal Age |
| 22:12 | Create | Villager (Male) |
| 22:12 | Create | Villager (Male) |
| 22:14 | Create | Villager (Male) |
| 22:30 | Age | Feudal Age |
| 22:32 | Research | Horse Collar |
| 22:38 | Research | Double-Bit Axe |
| 23:01 | Build | Barracks |
| 23:12 | Build | Farm |
| 23:15 | Create | Villager (Male) |
| 23:15 | Research | Wheelbarrow |
| 23:30 | Create | Villager (Male) |
| 23:30 | Create | Villager (Male) |
| 23:30 | Create | Villager (Male) |
| 23:57 | Build | Stone Wall |
| 24:20 | Build | Stone Wall |
| 24:40 | Build | Mill |
| 24:48 | Build | Barracks |
| 24:51 | Research | Man-at-Arms (upgrade) |
| 25:38 | Create | Villager (Male) |
| 25:38 | Create | Villager (Male) |
| 25:51 | Build | Farm |
| 26:12 | Create | Militia |
| 26:12 | Create | Militia |
| 26:13 | Create | Militia |
| 26:13 | Create | Militia |
| 26:13 | Create | Militia |
| 26:13 | Create | Militia |
| 26:13 | Create | Militia |
| 26:14 | Create | Militia |
| 26:40 | Build | Market |
| 26:50 | Build | Farm |
| 26:52 | Build | Farm |
| 26:58 | Build | Farm |
| 27:00 | Create | Villager (Male) |
| 27:00 | Create | Villager (Male) |
| 27:18 | Build | Stone Wall |
| 27:37 | Build | Blacksmith |
| 27:51 | Build | Mining Camp |
| 27:54 | Create | Villager (Male) |
| 27:54 | Create | Villager (Male) |
| 27:55 | Create | Villager (Male) |
| 28:02 | Build | Farm |
| 28:04 | Create | Villager (Male) |
| 28:28 | Build | Stone Wall |
| 28:37 | Build | Stone Wall |
| 28:44 | Build | Stone Wall |
| 28:53 | Create | Militia |
| 28:53 | Create | Militia |
| 28:54 | Create | Militia |
| 29:02 | Research | Scale Mail Armor |
| 29:03 | Research | Forging |
| 29:10 | Build | Mill |
| 29:37 | Build | Stable |
| 29:44 | Build | Stable |
| 29:49 | Create | Spearman |
| 29:49 | Create | Spearman |
| 29:50 | Create | Spearman |
| 29:53 | Create | Spearman |
| 30:17 | Build | Mill |
| 30:26 | Build | Mining Camp |
| 30:31 | Create | Villager (Male) |
| 30:31 | Create | Villager (Male) |
| 30:31 | Create | Villager (Male) |
| 30:31 | Create | Villager (Male) |
Build order — Ryoga
First 150 of 368 actions detected
| 0:05 | Research | Loom |
| 0:05 | Create | Villager (Male) |
| 0:05 | Create | Villager (Male) |
| 0:06 | Create | Villager (Male) |
| 0:06 | Create | Villager (Male) |
| 0:13 | Build | House |
| 0:16 | Build | House |
| 0:17 | Build | House |
| 2:11 | Create | Villager (Male) |
| 2:52 | Create | Villager (Male) |
| 2:52 | Create | Villager (Male) |
| 3:03 | Build | Mill |
| 3:52 | Create | Villager (Male) |
| 3:52 | Create | Villager (Male) |
| 3:52 | Create | Villager (Male) |
| 3:53 | Create | Villager (Male) |
| 6:10 | Create | Villager (Male) |
| 6:11 | Create | Villager (Male) |
| 6:11 | Create | Villager (Male) |
| 7:06 | Create | Villager (Male) |
| 7:06 | Create | Villager (Male) |
| 7:06 | Create | Villager (Male) |
| 7:37 | Create | Villager (Male) |
| 7:37 | Create | Villager (Male) |
| 7:37 | Create | Villager (Male) |
| 8:58 | Build | Lumber Camp |
| 9:07 | Build | House |
| 10:12 | Research | Feudal Age |
| 10:55 | Build | Mill |
| 11:27 | Build | Mill |
| 11:47 | Build | Mining Camp |
| 12:22 | Age | Feudal Age |
| 12:24 | Research | Wheelbarrow |
| 12:28 | Research | Double-Bit Axe |
| 13:04 | Research | Horse Collar |
| 13:42 | Create | Villager (Male) |
| 13:42 | Create | Villager (Male) |
| 13:43 | Create | Villager (Male) |
| 13:45 | Create | Villager (Male) |
| 13:45 | Create | Villager (Male) |
| 13:45 | Create | Villager (Male) |
| 13:58 | Build | Mill |
| 14:33 | Build | House |
| 14:35 | Build | House |
| 15:33 | Build | House |
| 15:35 | Build | House |
| 15:36 | Build | House |
| 15:46 | Create | Villager (Male) |
| 15:46 | Create | Villager (Male) |
| 16:07 | Research | Gold Mining |
| 16:14 | Build | Farm |
| 16:15 | Build | Farm |
| 16:15 | Build | Farm |
| 16:15 | Build | Farm |
| 16:15 | Build | Farm |
| 16:22 | Build | Farm |
| 16:33 | Build | Farm |
| 16:41 | Create | Villager (Male) |
| 16:41 | Create | Villager (Male) |
| 16:41 | Create | Villager (Male) |
| 17:02 | Build | Lumber Camp |
| 17:35 | Build | Blacksmith |
| 18:13 | Create | Villager (Male) |
| 18:14 | Create | Villager (Male) |
| 18:14 | Create | Villager (Male) |
| 19:24 | Build | Market |
| 19:32 | Build | House |
| 19:33 | Build | House |
| 19:35 | Build | House |
| 19:47 | Create | Villager (Male) |
| 19:47 | Create | Villager (Male) |
| 19:48 | Create | Villager (Male) |
| 19:48 | Create | Villager (Male) |
| 20:57 | Build | Mining Camp |
| 21:14 | Research | Castle Age |
| 21:24 | Build | House |
| 21:25 | Build | House |
| 21:27 | Build | House |
| 21:29 | Build | House |
| 22:08 | Build | Mining Camp |
| 22:31 | Research | Stone Mining |
| 23:43 | Build | House |
| 23:44 | Build | House |
| 23:45 | Build | House |
| 23:49 | Build | House |
| 23:50 | Build | House |
| 23:51 | Build | House |
| 23:52 | Build | House |
| 24:07 | Age | Castle Age |
| 24:13 | Build | Town Center |
| 24:24 | Build | Town Center |
| 24:27 | Build | Town Center |
| 24:39 | Research | Hand Cart |
| 24:59 | Create | Villager (Male) |
| 24:59 | Create | Villager (Male) |
| 25:17 | Build | Town Center |
| 25:40 | Build | Town Center |
| 25:56 | Build | Farm |
| 25:57 | Build | Farm |
| 25:57 | Build | Farm |
| 25:57 | Build | Farm |
| 25:58 | Build | Farm |
| 25:58 | Build | Farm |
| 26:05 | Build | Farm |
| 26:06 | Build | Farm |
| 26:06 | Build | Farm |
| 26:06 | Build | Farm |
| 26:17 | Create | Villager (Male) |
| 26:27 | Build | Farm |
| 26:27 | Build | Farm |
| 26:27 | Build | Farm |
| 26:28 | Build | Farm |
| 26:28 | Build | Farm |
| 26:57 | Build | Farm |
| 26:58 | Build | Farm |
| 26:58 | Build | Farm |
| 26:58 | Build | Farm |
| 27:12 | Create | Villager (Male) |
| 27:17 | Create | Villager (Male) |
| 27:29 | Research | Heavy Plow |
| 28:24 | Create | Villager (Male) |
| 28:25 | Create | Villager (Male) |
| 28:25 | Create | Villager (Male) |
| 28:26 | Create | Villager (Male) |
| 28:26 | Create | Villager (Male) |
| 28:26 | Create | Villager (Male) |
| 28:27 | Create | Villager (Male) |
| 28:27 | Create | Villager (Male) |
| 28:41 | Create | Villager (Male) |
| 28:47 | Build | Farm |
| 28:47 | Build | Farm |
| 28:47 | Build | Farm |
| 28:48 | Build | Farm |
| 28:48 | Build | Farm |
| 28:49 | Build | Farm |
| 28:56 | Create | Villager (Male) |
| 28:56 | Create | Villager (Male) |
| 28:57 | Create | Villager (Male) |
| 28:57 | Create | Villager (Male) |
| 28:57 | Create | Villager (Male) |
| 29:19 | Create | Villager (Male) |
| 29:19 | Create | Villager (Male) |
| 29:20 | Create | Villager (Male) |
| 29:20 | Create | Villager (Male) |
| 29:20 | Create | Villager (Male) |
| 29:39 | Build | Town Center |
| 29:47 | Create | Villager (Male) |
| 29:48 | Create | Villager (Male) |
| 29:48 | Create | Villager (Male) |
| 29:48 | Create | Villager (Male) |
Build order — Kukki1160
9 actions detected in the replay
| 0:07 | Create | Villager (Male) |
| 0:11 | Research | Loom |
| 0:13 | Create | Villager (Male) |
| 0:13 | Create | Villager (Male) |
| 0:13 | Create | Villager (Male) |
| 0:13 | Create | Villager (Male) |
| 0:14 | Create | Villager (Male) |
| 0:17 | Build | House |
| 0:21 | Build | House |
Build order — kevinbernal88888
First 150 of 765 actions detected
| 0:15 | Create | Villager (Male) |
| 0:15 | Research | Loom |
| 0:58 | Build | House |
| 1:03 | Build | House |
| 1:05 | Build | House |
| 1:06 | Build | House |
| 1:12 | Create | Villager (Male) |
| 1:12 | Create | Villager (Male) |
| 1:13 | Create | Villager (Male) |
| 1:48 | Create | Villager (Male) |
| 1:48 | Create | Villager (Male) |
| 2:49 | Create | Villager (Male) |
| 2:49 | Create | Villager (Male) |
| 4:18 | Create | Villager (Male) |
| 4:19 | Create | Villager (Male) |
| 4:19 | Create | Villager (Male) |
| 4:59 | Build | Palisade Wall |
| 5:10 | Build | Palisade Wall |
| 5:26 | Build | Mill |
| 5:30 | Create | Villager (Male) |
| 5:30 | Create | Villager (Male) |
| 6:21 | Create | Villager (Male) |
| 6:21 | Create | Villager (Male) |
| 6:54 | Create | Villager (Male) |
| 7:15 | Create | Villager (Male) |
| 7:15 | Create | Villager (Male) |
| 7:32 | Build | Lumber Camp |
| 7:52 | Create | Villager (Male) |
| 7:52 | Create | Villager (Male) |
| 8:09 | Build | Palisade Wall |
| 8:19 | Create | Villager (Male) |
| 8:19 | Create | Villager (Male) |
| 8:36 | Create | Villager (Male) |
| 9:15 | Create | Villager (Male) |
| 9:15 | Create | Villager (Male) |
| 9:15 | Create | Villager (Male) |
| 9:15 | Create | Villager (Male) |
| 9:30 | Build | Palisade Wall |
| 9:50 | Build | Lumber Camp |
| 10:13 | Build | House |
| 10:15 | Build | House |
| 10:22 | Build | House |
| 10:23 | Build | House |
| 10:24 | Build | House |
| 10:31 | Create | Villager (Male) |
| 10:31 | Create | Villager (Male) |
| 10:31 | Create | Villager (Male) |
| 11:03 | Build | Outpost |
| 11:29 | Build | Mining Camp |
| 11:58 | Create | Villager (Male) |
| 11:58 | Create | Villager (Male) |
| 12:32 | Build | House |
| 12:34 | Build | House |
| 12:35 | Build | House |
| 12:38 | Build | House |
| 12:40 | Build | House |
| 13:51 | Build | Lumber Camp |
| 14:07 | Build | Lumber Camp |
| 14:22 | Research | Feudal Age |
| 14:23 | Create | Villager (Male) |
| 14:24 | Create | Villager (Male) |
| 14:24 | Create | Villager (Male) |
| 16:32 | Age | Feudal Age |
| 16:52 | Build | Palisade Wall |
| 17:00 | Research | Wheelbarrow |
| 17:13 | Research | Double-Bit Axe |
| 17:40 | Build | House |
| 17:42 | Build | House |
| 17:43 | Build | House |
| 17:44 | Build | House |
| 17:46 | Build | House |
| 17:48 | Build | House |
| 17:49 | Build | House |
| 17:52 | Build | House |
| 17:54 | Build | House |
| 17:56 | Build | House |
| 17:57 | Build | House |
| 18:04 | Create | Villager (Male) |
| 18:04 | Create | Villager (Male) |
| 18:05 | Create | Villager (Male) |
| 18:05 | Create | Villager (Male) |
| 18:10 | Research | Horse Collar |
| 18:30 | Build | Farm |
| 18:31 | Build | Farm |
| 18:32 | Build | Farm |
| 18:34 | Build | Farm |
| 18:36 | Build | Farm |
| 18:38 | Build | Farm |
| 18:39 | Build | Farm |
| 18:40 | Build | Farm |
| 18:44 | Build | Mill |
| 18:56 | Build | Farm |
| 18:58 | Build | Farm |
| 18:59 | Build | Farm |
| 19:03 | Build | Farm |
| 19:04 | Build | Farm |
| 19:05 | Build | Farm |
| 19:08 | Build | Farm |
| 19:15 | Build | Mill |
| 19:42 | Build | Lumber Camp |
| 19:56 | Build | Palisade Wall |
| 20:03 | Build | Stone Wall |
| 20:10 | Build | Building 665 |
| 20:24 | Build | Barracks |
| 20:27 | Create | Villager (Male) |
| 20:27 | Create | Villager (Male) |
| 20:27 | Create | Villager (Male) |
| 20:28 | Create | Villager (Male) |
| 20:29 | Create | Villager (Male) |
| 20:29 | Create | Villager (Male) |
| 20:30 | Create | Villager (Male) |
| 20:30 | Create | Villager (Male) |
| 21:21 | Build | Barracks |
| 21:35 | Build | Archery Range |
| 21:42 | Build | Blacksmith |
| 21:53 | Build | Market |
| 23:19 | Build | Stone Wall |
| 23:25 | Build | Building 673 |
| 23:54 | Build | Mining Camp |
| 23:59 | Create | Villager (Male) |
| 24:00 | Create | Villager (Male) |
| 24:00 | Create | Villager (Male) |
| 24:00 | Create | Villager (Male) |
| 24:00 | Create | Villager (Male) |
| 24:17 | Research | Gold Mining |
| 24:18 | Research | Stone Mining |
| 24:32 | Build | Archery Range |
| 24:35 | Create | Villager (Male) |
| 24:35 | Create | Villager (Male) |
| 24:35 | Create | Villager (Male) |
| 24:35 | Create | Villager (Male) |
| 25:10 | Build | Mining Camp |
| 25:46 | Build | Mining Camp |
| 26:05 | Create | Villager (Male) |
| 26:05 | Create | Villager (Male) |
| 26:05 | Create | Villager (Male) |
| 26:06 | Create | Villager (Male) |
| 27:24 | Build | Mining Camp |
| 28:36 | Build | Stone Wall |
| 28:46 | Build | Building 673 |
| 29:17 | Research | Forging |
| 29:18 | Research | Fletching |
| 29:18 | Research | Padded Archer Armor |
| 29:19 | Research | Scale Mail Armor |
| 29:22 | Research | Man-at-Arms (upgrade) |
| 29:23 | Research | Arson |
| 29:28 | Research | Town Watch |
| 30:14 | Create | Villager (Male) |
| 30:14 | Create | Villager (Male) |
| 30:14 | Create | Villager (Male) |
Build order — Carlitos_Torino Nanobot
First 150 of 538 actions detected
| 0:06 | Research | Loom |
| 0:06 | Create | Villager (Male) |
| 0:07 | Create | Villager (Male) |
| 0:07 | Create | Villager (Male) |
| 0:07 | Create | Villager (Male) |
| 0:08 | Create | Villager (Male) |
| 0:13 | Build | House |
| 0:15 | Build | House |
| 0:16 | Build | House |
| 0:17 | Build | House |
| 1:23 | Build | Palisade Wall |
| 1:29 | Build | Building 804 |
| 3:25 | Create | Villager (Male) |
| 4:07 | Build | Mill |
| 4:49 | Create | Villager (Male) |
| 5:20 | Create | Villager (Male) |
| 6:01 | Build | Lumber Camp |
| 6:23 | Create | Villager (Male) |
| 6:42 | Create | Villager (Male) |
| 7:20 | Create | Villager (Male) |
| 7:51 | Build | Mill |
| 7:56 | Create | Villager (Male) |
| 8:29 | Create | Villager (Male) |
| 9:05 | Create | Villager (Male) |
| 9:32 | Create | Villager (Male) |
| 10:02 | Create | Villager (Male) |
| 10:02 | Create | Villager (Male) |
| 10:10 | Create | Villager (Male) |
| 10:18 | Create | Villager (Male) |
| 10:36 | Create | Villager (Male) |
| 11:18 | Create | Villager (Male) |
| 11:18 | Create | Villager (Male) |
| 11:19 | Create | Villager (Male) |
| 11:48 | Create | Villager (Male) |
| 11:48 | Create | Villager (Male) |
| 12:20 | Build | House |
| 12:26 | Create | Villager (Male) |
| 12:29 | Create | Villager (Male) |
| 12:33 | Create | Villager (Male) |
| 12:33 | Create | Villager (Male) |
| 12:35 | Create | Villager (Male) |
| 12:36 | Create | Villager (Male) |
| 12:52 | Build | House |
| 12:53 | Build | House |
| 12:54 | Build | House |
| 12:55 | Build | House |
| 13:45 | Build | Mill |
| 14:09 | Build | Outpost |
| 15:22 | Build | Mining Camp |
| 15:33 | Build | Mill |
| 15:49 | Research | Feudal Age |
| 16:03 | Build | Mining Camp |
| 16:30 | Build | Barracks |
| 16:35 | Build | Barracks |
| 16:58 | Build | Farm |
| 17:01 | Build | Farm |
| 17:03 | Build | Farm |
| 17:06 | Build | Farm |
| 17:07 | Build | Farm |
| 17:08 | Build | Farm |
| 17:09 | Build | Farm |
| 18:27 | Age | Feudal Age |
| 18:31 | Build | Market |
| 18:37 | Research | Town Watch |
| 18:37 | Research | Wheelbarrow |
| 18:43 | Research | Stone Mining |
| 18:46 | Research | Gold Mining |
| 18:54 | Research | Double-Bit Axe |
| 19:09 | Research | Horse Collar |
| 19:17 | Create | Villager (Male) |
| 19:17 | Create | Villager (Male) |
| 19:17 | Create | Villager (Male) |
| 19:18 | Create | Villager (Male) |
| 19:18 | Create | Villager (Male) |
| 19:18 | Create | Villager (Male) |
| 19:19 | Create | Villager (Male) |
| 20:12 | Create | Villager (Male) |
| 20:12 | Create | Villager (Male) |
| 20:16 | Create | Villager (Male) |
| 20:28 | Build | Blacksmith |
| 21:25 | Build | Stone Wall |
| 21:29 | Build | Building 673 |
| 22:03 | Build | House |
| 22:05 | Build | House |
| 22:06 | Build | House |
| 22:07 | Build | House |
| 22:08 | Build | House |
| 22:09 | Build | House |
| 22:11 | Build | House |
| 22:14 | Build | House |
| 22:15 | Build | House |
| 22:17 | Build | House |
| 22:18 | Build | House |
| 22:20 | Build | House |
| 22:23 | Research | Fletching |
| 23:07 | Build | Farm |
| 23:08 | Build | Farm |
| 23:10 | Build | Farm |
| 23:13 | Build | Farm |
| 23:17 | Build | Mill |
| 23:18 | Build | Farm |
| 23:21 | Build | Farm |
| 23:23 | Build | Farm |
| 23:49 | Build | Watch Tower |
| 23:55 | Build | Watch Tower |
| 24:11 | Build | Farm |
| 24:12 | Build | Farm |
| 24:39 | Build | Stone Wall |
| 24:44 | Build | Building 665 |
| 24:51 | Build | Stone Wall |
| 25:14 | Research | Castle Age |
| 25:38 | Research | Forging |
| 25:39 | Research | Scale Mail Armor |
| 25:39 | Research | Padded Archer Armor |
| 26:14 | Build | Stone Wall |
| 26:18 | Build | Building 673 |
| 26:24 | Build | Stone Wall |
| 26:33 | Build | Building 673 |
| 26:53 | Research | Scale Barding Armor |
| 27:01 | Research | Man-at-Arms (upgrade) |
| 27:03 | Research | Arson |
| 27:37 | Build | Lumber Camp |
| 27:54 | Age | Castle Age |
| 28:02 | Research | Bow Saw |
| 28:05 | Research | Heavy Plow |
| 28:07 | Research | Caravan |
| 28:22 | Research | Coinage |
| 28:31 | Build | Watch Tower |
| 28:35 | Build | Watch Tower |
| 29:07 | Build | Archery Range |
| 29:13 | Build | Archery Range |
| 29:17 | Build | Archery Range |
| 29:28 | Build | Stable |
| 29:48 | Research | Town Patrol |
| 29:50 | Create | Villager (Male) |
| 29:50 | Create | Villager (Male) |
| 29:51 | Create | Villager (Male) |
| 29:54 | Create | Villager (Male) |
| 30:06 | Create | Trade Cart |
| 30:06 | Create | Trade Cart |
| 30:07 | Create | Trade Cart |
| 30:07 | Create | Trade Cart |
| 30:07 | Create | Trade Cart |
| 30:08 | Create | Trade Cart |
| 30:08 | Create | Trade Cart |
| 30:08 | Create | Trade Cart |
| 30:35 | Research | Bodkin Arrow |
| 30:57 | Research | Pikeman (upgrade) |
| 30:58 | Research | Squires |
| 31:26 | Build | Farm |
Build order — l3141516
First 150 of 416 actions detected
| 0:41 | Create | Villager (Male) |
| 0:41 | Research | Loom |
| 0:42 | Create | Villager (Male) |
| 0:42 | Create | Villager (Male) |
| 0:42 | Create | Villager (Male) |
| 0:42 | Create | Villager (Male) |
| 1:23 | Build | Palisade Wall |
| 1:28 | Build | Building 796 |
| 1:54 | Build | House |
| 2:31 | Create | Villager (Male) |
| 2:31 | Create | Villager (Male) |
| 3:19 | Build | House |
| 4:13 | Build | Palisade Wall |
| 4:20 | Build | Building 796 |
| 4:25 | Create | Villager (Male) |
| 4:25 | Create | Villager (Male) |
| 4:26 | Create | Villager (Male) |
| 4:50 | Create | Villager (Male) |
| 4:50 | Create | Villager (Male) |
| 6:20 | Build | House |
| 6:27 | Create | Villager (Male) |
| 6:27 | Create | Villager (Male) |
| 6:27 | Create | Villager (Male) |
| 6:28 | Create | Villager (Male) |
| 6:53 | Build | House |
| 7:02 | Build | Mill |
| 7:33 | Create | Villager (Male) |
| 7:33 | Create | Villager (Male) |
| 7:34 | Create | Villager (Male) |
| 7:34 | Create | Villager (Male) |
| 8:55 | Create | Villager (Male) |
| 8:56 | Create | Villager (Male) |
| 8:56 | Create | Villager (Male) |
| 9:08 | Build | House |
| 10:21 | Create | Villager (Male) |
| 11:00 | Build | Lumber Camp |
| 11:10 | Research | Feudal Age |
| 12:56 | Build | Mill |
| 13:20 | Age | Feudal Age |
| 13:24 | Research | Town Watch |
| 13:27 | Create | Villager (Male) |
| 13:27 | Create | Villager (Male) |
| 13:27 | Create | Villager (Male) |
| 13:45 | Build | Mill |
| 14:15 | Build | House |
| 14:41 | Create | Villager (Male) |
| 14:42 | Create | Villager (Male) |
| 15:39 | Create | Villager (Male) |
| 15:40 | Create | Villager (Male) |
| 15:44 | Research | Double-Bit Axe |
| 16:28 | Build | Mining Camp |
| 16:42 | Create | Villager (Male) |
| 17:12 | Create | Villager (Male) |
| 17:31 | Build | Farm |
| 17:32 | Build | Farm |
| 17:33 | Build | Farm |
| 17:35 | Build | Farm |
| 17:36 | Build | Farm |
| 17:43 | Create | Villager (Male) |
| 17:43 | Create | Villager (Male) |
| 18:16 | Create | Villager (Male) |
| 18:22 | Build | House |
| 18:23 | Build | House |
| 18:30 | Create | Villager (Male) |
| 19:20 | Build | Barracks |
| 19:25 | Create | Villager (Male) |
| 19:49 | Build | Lumber Camp |
| 19:57 | Research | Castle Age |
| 20:39 | Build | Stone Wall |
| 20:43 | Build | Building 490 |
| 20:45 | Build | Building 490 |
| 21:02 | Research | Arson |
| 21:02 | Create | Spearman |
| 21:03 | Create | Spearman |
| 21:19 | Research | Horse Collar |
| 21:57 | Build | Market |
| 22:03 | Research | Stone Mining |
| 22:04 | Research | Gold Mining |
| 22:13 | Build | Watch Tower |
| 22:18 | Create | Spearman |
| 22:19 | Create | Spearman |
| 22:37 | Age | Castle Age |
| 22:41 | Research | Town Patrol |
| 22:42 | Research | Wheelbarrow |
| 23:12 | Build | Town Center |
| 23:21 | Build | Town Center |
| 23:41 | Research | Bow Saw |
| 24:02 | Research | Heavy Plow |
| 24:17 | Research | Pikeman (upgrade) |
| 25:14 | Build | Town Center |
| 25:18 | Create | Villager (Male) |
| 25:18 | Create | Villager (Male) |
| 25:30 | Build | Siege Workshop |
| 25:44 | Create | Villager (Male) |
| 25:44 | Create | Villager (Male) |
| 26:01 | Build | Siege Workshop |
| 26:29 | Create | Villager (Male) |
| 26:30 | Create | Villager (Male) |
| 26:43 | Create | Battering Ram ×4 |
| 26:53 | Create | Villager (Male) |
| 27:02 | Build | Farm |
| 27:31 | Build | Siege Workshop |
| 27:39 | Build | Farm |
| 27:41 | Build | Farm |
| 27:43 | Build | Farm |
| 27:44 | Build | Farm |
| 27:48 | Create | Villager (Male) ×2 |
| 27:52 | Build | Farm |
| 27:54 | Build | Farm |
| 27:54 | Build | Farm |
| 27:55 | Build | Farm |
| 28:16 | Build | Barracks |
| 28:56 | Create | Villager (Male) |
| 28:57 | Create | Villager (Male) |
| 29:04 | Create | Villager (Male) ×2 |
| 29:23 | Build | Barracks |
| 29:33 | Build | Farm |
| 29:33 | Build | Farm |
| 29:33 | Build | Farm |
| 29:35 | Build | Farm |
| 29:35 | Build | Farm |
| 29:36 | Build | Farm |
| 29:38 | Build | Farm |
| 29:38 | Build | Farm |
| 29:40 | Build | Farm |
| 29:44 | Create | Villager (Male) ×3 |
| 30:27 | Build | Castle |
| 30:36 | Build | Farm |
| 30:38 | Build | Farm |
| 30:39 | Build | Farm |
| 30:39 | Build | Farm |
| 30:40 | Build | Farm |
| 30:40 | Build | Farm |
| 30:41 | Build | Farm |
| 30:41 | Build | Farm |
| 30:42 | Build | Farm |
| 30:42 | Build | Farm |
| 30:47 | Research | Hand Cart |
| 31:16 | Create | Spearman ×5 |
| 31:42 | Build | House |
| 31:43 | Build | House |
| 31:58 | Research | Stone Shaft Mining |
| 32:34 | Create | Scorpion ×5 |
| 32:57 | Build | House |
| 32:58 | Build | House |
| 32:58 | Build | House |
| 32:58 | Build | House |
| 33:12 | Create | Villager (Male) ×5 |
| 33:18 | Create | Ballista Elephant |
| 33:19 | Create | Ballista Elephant |
Build order — GjulianP
0 actions detected in the replay
Match timeline
| 0:01 | GjulianP · resign |
| 1:23 | l3141516 · wall_segment Palisade Wall x12 |
| 1:23 | Carlitos_Torino Nanobot · wall_segment Palisade Wall x13 |
| 2:30 | alexgolan · wall_segment Palisade Wall x9 |
| 3:56 | alexgolan · wall_segment Palisade Wall x7 |
| 4:13 | l3141516 · wall_segment Palisade Wall x10 |
| 4:59 | kevinbernal88888 · wall_segment Palisade Wall x8 |
| 5:00 | alexgolan · wall_segment Palisade Wall x14 |
| 5:10 | kevinbernal88888 · wall_segment Palisade Wall x2 |
| 5:18 | alexgolan · wall_segment Palisade Wall x8 |
| 5:42 | alexgolan · wall_segment Palisade Wall x16 |
| 6:22 | alexgolan · wall_segment Palisade Wall x10 |
| 7:15 | alexgolan · wall_segment Palisade Wall x11 |
| 7:27 | alexgolan · wall_segment Palisade Wall x14 |
| 8:09 | kevinbernal88888 · wall_segment Palisade Wall x12 |
| 8:34 | alexgolan · wall_segment Palisade Wall x7 |
| 9:18 | alexgolan · wall_segment Palisade Wall x8 |
| 9:30 | kevinbernal88888 · wall_segment Palisade Wall x13 |
| 11:10 | alexgolan · wall_segment Palisade Wall x4 |
| 11:58 | alexgolan · wall_segment Palisade Wall x10 |
| 12:22 | Ryoga · age_up feudal |
| 13:16 | alexgolan · wall_segment Palisade Wall x8 |
| 13:20 | l3141516 · age_up feudal |
| 14:34 | alexgolan · wall_segment Palisade Wall x11 |
| 15:40 | alexgolan · wall_segment Palisade Wall x11 |
| 16:23 | alexgolan · wall_segment Palisade Wall x7 |
| 16:30 | Carlitos_Torino Nanobot · first_building Barracks |
| 16:32 | kevinbernal88888 · age_up feudal |
| 16:52 | kevinbernal88888 · wall_segment Palisade Wall x10 |
| 18:27 | Carlitos_Torino Nanobot · age_up feudal |
| 18:32 | alexgolan · wall_segment Palisade Wall x12 |
| 19:20 | l3141516 · first_building Barracks |
| 19:56 | kevinbernal88888 · wall_segment Palisade Wall x11 |
| 20:03 | kevinbernal88888 · wall_segment Stone Wall x12 |
| 20:24 | kevinbernal88888 · first_building Barracks |
| 20:39 | l3141516 · wall_segment Stone Wall x15 |
| 21:25 | Carlitos_Torino Nanobot · wall_segment Stone Wall x11 |
| 21:35 | kevinbernal88888 · first_building Archery Range |
| 22:30 | alexgolan · age_up feudal |
| 22:37 | l3141516 · age_up castle |
| 23:01 | alexgolan · first_building Barracks |
| 23:19 | kevinbernal88888 · wall_segment Stone Wall x17 |
| 23:57 | alexgolan · wall_segment Stone Wall x11 |
| 24:07 | Ryoga · age_up castle |
| 24:20 | alexgolan · wall_segment Stone Wall x15 |
| 24:39 | Carlitos_Torino Nanobot · wall_segment Stone Wall x13 |
| 24:51 | Carlitos_Torino Nanobot · wall_segment Stone Wall x1 |
| 25:30 | l3141516 · first_building Siege Workshop |
| 26:14 | Carlitos_Torino Nanobot · wall_segment Stone Wall x13 |
| 26:24 | Carlitos_Torino Nanobot · wall_segment Stone Wall x1 |
| 27:18 | alexgolan · wall_segment Stone Wall x10 |
| 27:54 | Carlitos_Torino Nanobot · age_up castle |
| 28:28 | alexgolan · wall_segment Stone Wall x16 |
| 28:36 | kevinbernal88888 · wall_segment Stone Wall x23 |
| 28:37 | alexgolan · wall_segment Stone Wall x1 |
| 28:44 | alexgolan · wall_segment Stone Wall x1 |
| 29:07 | Carlitos_Torino Nanobot · first_building Archery Range |
| 29:28 | Carlitos_Torino Nanobot · first_building Stable |
| 29:37 | alexgolan · first_building Stable |
| 30:27 | l3141516 · first_building Castle |
| 32:02 | alexgolan · first_building Archery Range |
| 32:05 | Ryoga · first_building Monastery |
| 32:43 | Carlitos_Torino Nanobot · first_building Monastery |
| 33:17 | alexgolan · wall_segment Stone Wall x4 |
| 34:46 | Carlitos_Torino Nanobot · first_building Castle |
| 36:00 | alexgolan · first_market_buy 100 food |
| 36:21 | kevinbernal88888 · first_market_buy 100 food |
| 37:31 | Carlitos_Torino Nanobot · wall_segment Stone Wall x11 |
| 37:40 | Ryoga · first_building Castle |
| 37:43 | Carlitos_Torino Nanobot · wall_segment Stone Wall x1 |
| 37:54 | kevinbernal88888 · age_up castle |
| 38:06 | alexgolan · wall_segment Stone Wall x13 |
| 38:26 | kevinbernal88888 · first_building Castle |
| 39:11 | kevinbernal88888 · first_market_sell 100 wood |
| 39:32 | alexgolan · age_up castle |
| 39:53 | kevinbernal88888 · first_building Siege Workshop |
| 40:18 | alexgolan · first_building Castle |
| 41:17 | l3141516 · first_building Stable |
| 43:50 | l3141516 · age_up imperial |
| 44:31 | kevinbernal88888 · first_building Monastery |
| 46:05 | Ryoga · age_up imperial |
| 46:25 | kevinbernal88888 · wall_segment Stone Wall x14 |
| 46:45 | alexgolan · first_building Monastery |
| 49:41 | Ryoga · wall_segment Stone Wall x32 |
| 49:46 | kevinbernal88888 · age_up imperial |
| 50:21 | alexgolan · wall_segment Stone Wall x6 |
| 50:33 | alexgolan · wall_segment Stone Wall x2 |
| 51:57 | Carlitos_Torino Nanobot · first_market_buy 100 stone |
| 52:10 | Carlitos_Torino Nanobot · age_up imperial |
| 54:43 | Carlitos_Torino Nanobot · first_building Siege Workshop |
| 55:00 | Ryoga · wall_segment Stone Wall x27 |
| 57:34 | alexgolan · age_up imperial |
| 67:07 | alexgolan · first_market_sell 100 wood |
| 74:22 | Carlitos_Torino Nanobot · first_market_sell 100 food |
[ AI ANALYSIS · 1 CREDIT ]
What really happened in this match?
Wolo.gg analyzes every decision: build order, eco, micro, common mistakes by bracket. Personalized analysis on WhatsApp or Discord in 30 seconds.
Civ guide
Portuguese
Perfil
Jugador #19082561